[Event "Portugal Open 2020"]
[Site "Lisbon"]
[Date "2020.01.30"]
[Round "7.34"]
[White "Moretti, Filippo"]
[Black "Palozza, Christian"]
[Result "0-1"]
[ECO "B15"]
[WhiteElo "1969"]
[BlackElo "2198"]
[Annotator "ChessBase"]
[PlyCount "68"]
[EventDate "2020.01.25"]
[EventType "swiss"]
[EventCountry "POR"]
[SourceTitle "playchess.com"]
[Source "ChessBase"]
[SourceQuality "1"]
[TimeControl "5400+30"]

1. e4 c6 2. d4 d5 3. Nc3 dxe4 4. Nxe4 Nf6 5. Nxf6+ exf6 6. Be3 Be6 7. c3 Bd6 8. Bd3 Nd7 9. Qc2 h5 10. Nf3 Qc7 11. h3 Bf4 12. Bxf4 Qxf4 13. Qd2 Qd6 14. b3 O-O-O 15. O-O-O Bd5 16. Nh4 g6 17. Rhe1 Rhe8 18. g3 f5 19. Bf1 Nf6 20. Bg2 Rxe1 21. Rxe1 Bxg2 22. Nxg2 c5 23. Rd1 Qc6 24. Nf4 cxd4 25. c4 Qa6 26. f3 Qd6 27. Qf2 h4 28. Ne2 hxg3 29. Nxg3 Qf4+ 30. Kb1 Qe3 31. Qe2 f4 32. Qxe3 dxe3 33. Rxd8+ Kxd8 34. Ne2 Nh5 0-1

[Event "Portugal Open 2020"]
[Site "Lisbon"]
[Date "2020.01.30"]
[Round "7.35"]
[White "Jorge, Rita Maria Osorio"]
[Black "Krzywda, Andrzej"]
[Result "1-0"]
[ECO "B19"]
[WhiteElo "1932"]
[BlackElo "2178"]
[Annotator "ChessBase"]
[PlyCount "169"]
[EventDate "2020.01.25"]
[EventType "swiss"]
[EventCountry "POR"]
[SourceTitle "playchess.com"]
[Source "ChessBase"]
[SourceQuality "1"]
[TimeControl "5400+30"]

1. e4 c6 2. d4 d5 3. Nd2 dxe4 4. Nxe4 Bf5 5. Ng3 Bg6 6. Nf3 Nd7 7. h4 h6 8. h5 Bh7 9. Bd3 Bxd3 10. Qxd3 e6 11. Bf4 Qa5+ 12. Bd2 Bb4 13. a3 Bxd2+ 14. Qxd2 Qxd2+ 15. Nxd2 Ngf6 16. O-O-O O-O 17. Nde4 Rfd8 18. Rhe1 Rac8 19. Kb1 Kf8 20. f4 Nxe4 21. Nxe4 Nb6 22. Nc5 Rb8 23. g4 Nd5 24. Nd3 Rbc8 25. c3 Nf6 26. Ne5 Nd5 27. Rd2 Rc7 28. Nd3 Nf6 29. Ne5 c5 30. Red1 Ne4 31. Re2 Nf6 32. Red2 Ne4 33. Re2 f5 34. gxf5 exf5 35. d5 c4 36. Rd4 b5 37. Ng6+ Kf7 38. Nh4 Ng3 39. Re5 Nxh5 40. Nxf5 Nf6 41. d6 Rcd7 42. Rxb5 g6 43. Ne3 Rxd6 44. Rxd6 Rxd6 45. Nxc4 Rd1+ 46. Kc2 Rg1 47. Ne5+ Kg8 48. Rb8+ Kg7 49. Rb7+ Kg8 50. Rxa7 h5 51. Ra6 Kg7 52. Ra7+ Kg8 53. b4 h4 54. b5 Nd5 55. Nf3 Rg2+ 56. Kb3 h3 57. Rd7 Nb6 58. Rd1 Rf2 59. Ng5 h2 60. Rh1 Nd5 61. a4 Nxf4 62. b6 Nd3 63. a5 Rf5 64. Ne4 Rxa5 65. Rxh2 Ne5 66. c4 Ra8 67. c5 Nc6 68. Rd2 Kf7 69. Rd7+ Kf8 70. Nd6 Rb8 71. Rf7+ Kg8 72. Rc7 Nd8 73. Kb4 g5 74. Kb5 g4 75. Nf5 Nf7 76. b7 Nd8 77. c6 g3 78. Nxg3 Nxc6 79. Kxc6 Rxb7 80. Rxb7 Kh8 81. Kd6 Kg8 82. Ke6 Kf8 83. Nf5 Kg8 84. Kf6 Kh8 85. Kg6 1-0

[Event "Portugal Open 2020"]
[Site "Lisbon"]
[Date "2020.01.30"]
[Round "7.38"]
[White "Saltao, Joao Miguel Ramos"]
[Black "Pires, Emanuel Joao Robarts"]
[Result "1-0"]
[ECO "B00"]
[WhiteElo "1912"]
[BlackElo "2112"]
[Annotator "RC"]
[PlyCount "103"]
[EventDate "2020.01.25"]
[EventType "swiss"]
[EventCountry "POR"]
[SourceTitle "playchess.com"]
[Source "ChessBase"]
[SourceQuality "1"]
[TimeControl "5400+30"]

1. e4 d6 2. d4 Nf6 3. Bd3 e5 4. Nf3 Nbd7 5. O-O Be7 6. Nbd2 c6 7. Nc4 Qc7 8. a4 h6 9. c3 O-O 10. Qe2 Re8 11. dxe5 dxe5 12. Rd1 Bf8 13. h3 a5 14. Bc2 Nh5 15. Nh2 Nf4 16. Qf3 Nf6 17. Be3 b5 18. Nb6 Rb8 19. Nxc8 Rexc8 20. axb5 Rxb5 21. Bc1 Rbb8 22. Nf1 Nd7 23. Ne3 Nc5 24. Nc4 Ra8 25. Kh2 a4 26. g3 Ng6 27. Qg4 Re8 28. Be3 Red8 29. h4 Qc8 30. Qxc8 Raxc8 31. Rxd8 Rxd8 32. h5 Nh8 33. Nxe5 Re8 34. Nxc6 Nxe4 35. Bxe4 Rxe4 36. Nd4 Re5 37. Rxa4 Rxh5+ 38. Kg2 Ng6 39. Ra7 Ne7 40. Ra8 Nd5 41. Bd2 Re5 42. b4 g5 43. Ra5 Bg7 44. Nc6 Re6 45. Rxd5 Rxc6 46. b5 Re6 47. c4 Re2 48. c5 f5 49. c6 Be5 50. b6 f4 51. gxf4 gxf4 52. c7 1-0

[Event "Portugal Open 2020"]
[Site "Lisbon"]
[Date "2020.01.30"]
[Round "7.39"]
[White "Atakay, Mustafa"]
[Black "Tuerk, Philipp"]
[Result "1/2-1/2"]
[ECO "A62"]
[WhiteElo "1886"]
[BlackElo "2106"]
[Annotator "ChessBase"]
[PlyCount "30"]
[EventDate "2020.01.25"]
[EventType "swiss"]
[EventCountry "POR"]
[SourceTitle "playchess.com"]
[Source "ChessBase"]
[SourceQuality "1"]
[TimeControl "5400+30"]

1. d4 Nf6 2. c4 c5 3. d5 e6 4. Nc3 exd5 5. cxd5 d6 6. g3 g6 7. Bg2 Bg7 8. Nf3 O-O 9. O-O a6 10. a4 Re8 11. Bf4 Nh5 12. Bg5 Qb6 13. Qc2 Bf5 14. e4 Bxc3 15. exf5 Qxb2 1/2-1/2

[Event "Portugal Open 2020"]
[Site "Lisbon"]
[Date "2020.01.30"]
[Round "7.41"]
[White "Marzano, Carlo"]
[Black "Fanha, Paulo"]
[Result "1/2-1/2"]
[ECO "D31"]
[WhiteElo "2078"]
[BlackElo "1766"]
[Annotator "NA RC"]
[PlyCount "114"]
[EventDate "2020.01.25"]
[EventType "swiss"]
[EventCountry "POR"]
[SourceTitle "playchess.com"]
[Source "ChessBase"]
[SourceQuality "1"]
[TimeControl "5400+30"]

1. d4 d5 2. c4 e6 3. Nc3 f5 4. Bf4 c6 5. e3 Nf6 $14 6. Nf3 Bd6 7. Bd3 O-O 8. O-O Ne4 9. Qc2 g5 10. Bxd6 Nxd6 11. Ne5 Nd7 12. Nxd7 Bxd7 13. c5 Ne4 14. f3 Nxc3 15. Qxc3 Qc7 16. f4 g4 17. b4 a5 18. a3 b5 19. a4 axb4 20. Qxb4 bxa4 21. Rxa4 Rfb8 22. Rxa8 Rxa8 23. Rb1 Ra2 24. Qb7 Qxb7 25. Rxb7 Be8 26. Rb1 Kf7 27. Bf1 Ke7 28. Re1 h5 29. Re2 Rxe2 30. Bxe2 h4 31. Kf2 Kd8 32. g3 h3 33. Ke1 Kc7 34. Kd2 Kb7 35. Kc3 Ka7 36. Kb4 Bd7 37. Ka5 Bc8 38. Bd3 Bb7 39. Bc2 Bc8 40. Ba4 Kb7 41. Kb4 Kc7 42. Kc3 Ba6 43. Kd2 Bf1 44. Bb3 Bb5 45. e4 Ba6 46. exf5 exf5 47. Kc3 Bc8 48. Kb4 Kb7 49. Ka5 Kc7 50. Bc2 Bd7 51. Ka6 Bc8+ 52. Ka7 Bd7 53. Bd3 Bc8 54. Ba6 Bd7 55. Bd3 Bc8 56. Bc2 Be6 57. Bb3 Bf7 1/2-1/2

[Event "Portugal Open 2020"]
[Site "Lisbon"]
[Date "2020.01.31"]
[Round "8.6"]
[White "Haldorsen, Benjamin"]
[Black "Ghazarian, Tigran"]
[Result "1/2-1/2"]
[ECO "B68"]
[WhiteElo "2463"]
[BlackElo "1668"]
[Annotator "RC"]
[PlyCount "47"]
[EventDate "2020.01.25"]
[EventType "swiss"]
[EventCountry "POR"]
[SourceTitle "playchess.com"]
[Source "ChessBase"]
[SourceQuality "1"]
[TimeControl "5400+30"]

1. e4 c5 2. Nc3 Nc6 3. Nge2 d6 4. d4 cxd4 5. Nxd4 Nf6 6. Bg5 e6 7. Qd2 a6 8. O-O-O Bd7 9. f4 Be7 10. Nf3 h6 11. Bh4 Qc7 12. Kb1 O-O-O 13. Bd3 Kb8 14. Rhg1 Bc8 15. Qe1 Nd7 16. Bf2 Nc5 17. h4 h5 18. Ng5 Rhf8 19. Nh7 Rfe8 20. Ng5 Bf8 21. Nh7 Be7 22. Ng5 Bf8 23. Nh7 Be7 24. Ng5 1/2-1/2

[Event "Portugal Open 2020"]
[Site "Lisbon"]
[Date "2020.01.31"]
[Round "8.30"]
[White "Martin Duque, Jesus"]
[Black "Marzano, Carlo"]
[Result "1-0"]
[ECO "C55"]
[WhiteElo "2447"]
[BlackElo "2078"]
[Annotator "RC"]
[PlyCount "97"]
[EventDate "2020.01.25"]
[EventType "swiss"]
[EventCountry "POR"]
[SourceTitle "playchess.com"]
[Source "ChessBase"]
[SourceQuality "1"]
[TimeControl "5400+30"]

1. e4 e5 2. Nf3 Nc6 3. Bc4 Nf6 4. d3 Be7 5. O-O O-O 6. Re1 d6 7. a4 h6 8. a5 a6 9. h3 Nh7 10. Nc3 Ng5 11. Nd5 Nxf3+ 12. Qxf3 Bg5 13. Bxg5 hxg5 14. c3 Nxa5 15. Rxa5 c6 16. Raa1 cxd5 17. Bxd5 g6 18. Qe3 Qe7 19. d4 Kg7 20. dxe5 dxe5 21. Qb6 Rd8 22. Red1 Qf6 23. Qc7 Rd7 24. Qc5 Qe7 25. Qb6 Rd6 26. Qb4 Rd7 27. Ra4 Qxb4 28. Rxb4 Ra7 29. Rb6 Rc7 30. Rd3 Bd7 31. Rg3 f6 32. Rd3 Be8 33. Rf3 Bc6 34. c4 Rc8 35. Rd3 Bxd5 36. cxd5 Rc7 37. Rf3 Rf7 38. Rc3 Ra8 39. f3 Rd8 40. Kf2 Rdd7 41. Ke3 Rfe7 42. Kd3 Rf7 43. Kc4 Rc7+ 44. Kb4 Rcd7 45. d6 Kh6 46. Kc5 Kh5 47. g3 Kh6 48. Kd5 Kg7 49. Ke6 1-0

[Event "Portugal Open 2020"]
[Site "Lisbon"]
[Date "2020.02.01"]
[Round "9.5"]
[White "Ghazarian, Tigran"]
[Black "Taboas Rodriguez, Daniel"]
[Result "1-0"]
[ECO "C09"]
[WhiteElo "1668"]
[BlackElo "2348"]
[Annotator "NA"]
[PlyCount "91"]
[EventDate "2020.01.25"]
[EventType "swiss"]
[EventCountry "POR"]
[SourceTitle "playchess.com"]
[Source "ChessBase"]
[SourceQuality "1"]
[TimeControl "5400+30"]

1. e4 e6 2. d4 d5 3. Nd2 c5 4. Ngf3 Nc6 5. exd5 exd5 6. Bb5 Bd6 7. O-O cxd4 8. Nb3 Nge7 9. Nfxd4 O-O 10. Re1 Bc7 11. c3 Qd6 12. g3 Qf6 13. Qf3 Qxf3 14. Nxf3 Bg4 15. Nfd4 Bd6 16. Be3 Ne5 17. f4 N5c6 18. Kg2 Rfd8 $16 19. Bf2 Bd7 20. Rad1 Kf8 21. Rd2 Rac8 22. Be2 g6 23. Red1 Be6 24. Bf3 Re8 25. Nb5 Bb8 26. Nc5 a6 27. Na3 Nd8 28. Nc2 Bd6 29. Nb3 b5 30. a3 Ndc6 31. Nb4 Nxb4 32. axb4 Red8 33. Ra1 Ra8 34. Nc5 Bxc5 35. Bxc5 Ke8 36. Rad1 Rd7 37. Ra1 h5 38. Kf2 Nf5 39. Be2 Rb7 40. b3 Ne7 41. Rda2 Kd7 42. Rxa6 Rxa6 43. Rxa6 d4 44. Bxd4 Bxb3 45. Ra7 Rxa7 46. Bxb5+ 1-0

[Event "Portugal Open 2020"]
[Site "Lisbon"]
[Date "2020.02.01"]
[Round "9.7"]
[White "Goluch, Piotr"]
[Black "Ten Hertog, Hugo"]
[Result "0-1"]
[ECO "E04"]
[WhiteElo "2413"]
[BlackElo "2503"]
[Annotator "ChessBase"]
[PlyCount "90"]
[EventDate "2020.01.25"]
[EventType "swiss"]
[EventCountry "POR"]
[SourceTitle "playchess.com"]
[Source "ChessBase"]
[SourceQuality "1"]
[TimeControl "5400+30"]

1. d4 d5 2. c4 e6 3. Nf3 Nf6 4. g3 dxc4 5. Bg2 a6 6. O-O Nc6 7. Nc3 Rb8 8. e4 Be7 9. Qe2 b5 10. Bf4 Nxd4 11. Nxd4 Qxd4 12. Bxc7 Rb7 13. Rad1 Qc5 14. Bf4 e5 15. Be3 Qc7 16. Nd5 Nxd5 17. exd5 Bd6 18. f4 O-O 19. fxe5 Bxe5 20. Qd2 Rd8 21. Bd4 Bxd4+ 22. Qxd4 Qb6 23. Rfe1 Kf8 24. Kf2 Qxd4+ 25. Rxd4 Bf5 26. Re5 g6 27. g4 Bb1 28. a3 Re7 29. Rxe7 Kxe7 30. g5 Kd6 31. Rh4 Rh8 32. Bf3 Kc5 33. Ke3 a5 34. Kd2 Bf5 35. a4 bxa4 36. Be2 Rb8 37. Rxc4+ Kxd5 38. Rxa4 Rxb2+ 39. Ke3 Rb3+ 40. Kf2 Ke5 41. h4 Rb4 42. Rxa5+ Kf4 43. Ra7 Be6 44. Rc7 Rb2 45. Rc3 Bg4 0-1

[Event "Portugal Open 2020"]
[Site "Lisbon"]
[Date "2020.02.01"]
[Round "9.8"]
[White "Mihajlov, Sebastian"]
[Black "Haldorsen, Benjamin"]
[Result "1/2-1/2"]
[ECO "B20"]
[WhiteElo "2374"]
[BlackElo "2463"]
[Annotator "ChessBase"]
[PlyCount "49"]
[EventDate "2020.01.25"]
[EventType "swiss"]
[EventCountry "POR"]
[SourceTitle "playchess.com"]
[Source "ChessBase"]
[SourceQuality "1"]
[TimeControl "5400+30"]

1. e4 c5 2. Be2 Nc6 3. f4 g6 4. Nf3 Bg7 5. O-O d5 6. d3 e6 7. c3 Nge7 8. Qe1 b6 9. Na3 Qd7 10. Kh1 Bb7 11. e5 h5 12. d4 Nf5 13. Nc2 cxd4 14. cxd4 a5 15. a4 Ba6 16. Bxa6 Rxa6 17. Bd2 Ra8 18. Bc3 Rc8 19. Rc1 Nb8 20. b3 Bh6 21. Bd2 Bf8 22. Ne3 Rxc1 23. Qxc1 Nxe3 24. Bxe3 Be7 25. Qc3 1/2-1/2

[Event "Portugal Open 2020"]
[Site "Lisbon"]
[Date "2020.02.01"]
[Round "9.10"]
[White "Spraggett, Kevin"]
[Black "Bashirli, Nail"]
[Result "1-0"]
[ECO "B69"]
[WhiteElo "2501"]
[BlackElo "2379"]
[Annotator "ChessBase"]
[PlyCount "107"]
[EventDate "2020.01.25"]
[EventType "swiss"]
[EventCountry "POR"]
[SourceTitle "playchess.com"]
[Source "ChessBase"]
[SourceQuality "1"]
[TimeControl "5400+30"]

1. e4 c5 2. Nf3 Nf6 3. Nc3 d6 4. d4 cxd4 5. Nxd4 Nc6 6. Bg5 e6 7. Qd2 a6 8. O-O-O Bd7 9. f4 Be7 10. Nf3 b5 11. Bxf6 gxf6 12. f5 Qb6 13. Qh6 O-O-O 14. Qh5 Rhf8 15. Kb1 Kb8 16. Bd3 Rc8 17. Rhe1 Qa5 18. fxe6 fxe6 19. Ne2 Rc7 20. Nfd4 Nb4 21. Nc1 Rfc8 22. Qf7 Bf8 23. c3 Nxd3 24. Nxd3 b4 25. Nxb4 e5 26. Ne6 Bxe6 27. Qxe6 Rb7 28. Qd5 Qb6 29. Qd2 Ka8 30. Nd5 Qa5 31. b3 Rcb8 32. Kb2 Qa4 33. Qc2 a5 34. c4 Qc6 35. Qc3 Qc5 36. Rf1 a4 37. Ra1 Bh6 38. Kc2 Rg8 39. g3 Rg4 40. b4 Qa7 41. Rae1 a3 42. Rxf6 Rf7 43. Rxf7 Qxf7 44. Qxa3+ Kb8 45. Qd3 Qf2+ 46. Re2 Qg1 47. Kb3 Rg7 48. Nc3 Rg6 49. a4 Rf6 50. c5 Bf8 51. c6 Rf7 52. Nd5 Ra7 53. a5 Bh6 54. Qc2 1-0

[Event "Portugal Open 2020"]
[Site "Lisbon"]
[Date "2020.02.01"]
[Round "9.11"]
[White "Sabuk, Piotr"]
[Black "Jaracz, Pawel"]
[Result "1/2-1/2"]
[ECO "D11"]
[WhiteElo "2360"]
[BlackElo "2466"]
[Annotator "ChessBase"]
[PlyCount "75"]
[EventDate "2020.01.25"]
[EventType "swiss"]
[EventCountry "POR"]
[SourceTitle "playchess.com"]
[Source "ChessBase"]
[SourceQuality "1"]
[TimeControl "5400+30"]

1. d4 d5 2. c4 c6 3. Nf3 Nf6 4. g3 Bg4 5. Ne5 Bf5 6. cxd5 cxd5 7. Nc3 Nc6 8. Bg2 Rc8 9. Qa4 a6 10. O-O e6 11. Bg5 Qb6 12. Nxc6 bxc6 13. Bxf6 gxf6 14. e4 dxe4 15. d5 Be7 16. dxe6 Bxe6 17. Bxe4 f5 18. Bd5 O-O 19. Bxe6 fxe6 20. Qc4 Rf6 21. Rad1 Rc7 22. Rfe1 Qb4 23. Qe2 a5 24. Rd3 Rb7 25. b3 Bf8 26. Qe5 Rg6 27. Red1 Qc5 28. Qf4 Rf7 29. Na4 e5 30. Qd2 Qb4 31. Qc2 Qe4 32. Nc5 Bxc5 33. Qxc5 f4 34. Qc4 Qxc4 35. bxc4 fxg3 36. hxg3 Rg4 37. Ra3 Rxc4 38. Rxa5 1/2-1/2

[Event "Portugal Open 2020"]
[Site "Lisbon"]
[Date "2020.02.01"]
[Round "9.12"]
[White "Rocha, Sergio"]
[Black "Stella, Andrea"]
[Result "0-1"]
[ECO "A48"]
[WhiteElo "2343"]
[BlackElo "2465"]
[Annotator "ChessBase"]
[PlyCount "88"]
[EventDate "2020.01.25"]
[EventType "swiss"]
[EventCountry "POR"]
[SourceTitle "playchess.com"]
[Source "ChessBase"]
[SourceQuality "1"]
[TimeControl "5400+30"]

1. d4 Nf6 2. Nf3 g6 3. Bg5 Bg7 4. Nbd2 O-O 5. e4 d5 6. e5 Ne4 7. h4 c5 8. c3 Nc6 9. Bd3 Bf5 10. Qe2 cxd4 11. Nxe4 dxe4 12. Bxe4 Bxe4 13. Qxe4 dxc3 14. bxc3 Qa5 15. O-O Nxe5 16. Nxe5 Qxe5 17. Qxb7 Qxc3 18. Bxe7 Rfe8 19. Rae1 a5 20. Qd5 Qd4 21. Qxd4 Bxd4 22. Re4 Bc3 23. Rc4 Be5 24. Bg5 a4 25. g3 Bg7 26. Rd1 h6 27. Be3 Rec8 28. Rxc8+ Rxc8 29. Kf1 Bf8 30. Ke2 f5 31. Kd3 Rd8+ 32. Bd4 Bg7 33. Kc4 Kf7 34. Rd2 Rc8+ 35. Bc5 Bf8 36. Rd5 Kf6 37. h5 Rxc5+ 38. Kb4 gxh5 39. Rxc5 Bxc5+ 40. Kxc5 Kg5 41. Kb4 h4 42. gxh4+ Kxh4 43. Ka3 h5 44. Kb4 Kg5 0-1

[Event "Portugal Open 2020"]
[Site "Lisbon"]
[Date "2020.02.01"]
[Round "9.14"]
[White "Fidalgo, Andre Neves"]
[Black "Damaso, Rui"]
[Result "0-1"]
[ECO "A40"]
[WhiteElo "2282"]
[BlackElo "2420"]
[Annotator "NA"]
[PlyCount "64"]
[EventDate "2020.01.25"]
[EventType "swiss"]
[EventCountry "POR"]
[SourceTitle "playchess.com"]
[Source "ChessBase"]
[SourceQuality "1"]
[TimeControl "5400+30"]

1. d4 e6 2. c4 b6 3. Nc3 Bb4 4. e4 Bb7 5. f3 f5 6. e5 (6. exf5 $14 exf5 7. a3 Qe7+ 8. Be2 Qh4+ 9. g3 Bxc3+ 10. bxc3) 6... d6 7. Bf4 dxe5 8. Bxe5 Qe7 9. a3 Bxc3+ $1 10. bxc3 $15 Nc6 11. Bg3 e5 12. d5 Na5 13. Qa4+ c6 14. Bd3 f4 15. Bf2 Nf6 16. Be4 O-O 17. dxc6 Ba6 18. Bd5+ Nxd5 19. cxd5 Bc4 20. Rd1 Rad8 21. Qb4 Qf7 22. c7 Qxc7 23. d6 Qf7 24. Bh4 Rd7 25. Be7 Nc6 26. Qa4 b5 27. Qa6 Nxe7 28. dxe7 Rxd1+ 29. Kxd1 Qxe7 30. Nh3 Qd7+ 31. Kc1 Qd3 32. Qa5 Bb3 0-1

[Event "Portugal Open 2020"]
[Site "Lisbon"]
[Date "2020.02.01"]
[Round "9.15"]
[White "Balbuena Fuentes, Mario"]
[Black "Savanovic, Aleksandar"]
[Result "0-1"]
[ECO "C80"]
[WhiteElo "2234"]
[BlackElo "2414"]
[Annotator "NA"]
[PlyCount "72"]
[EventDate "2020.01.25"]
[EventType "swiss"]
[EventCountry "POR"]
[SourceTitle "playchess.com"]
[Source "ChessBase"]
[SourceQuality "1"]
[TimeControl "5400+30"]

1. e4 e5 2. Nf3 Nc6 3. Bb5 a6 4. Ba4 Nf6 5. O-O Nxe4 6. d4 b5 7. Bb3 d5 8. dxe5 Be6 9. Nbd2 Nc5 10. c3 Bg4 11. Bc2 Be7 12. Re1 O-O 13. Nb3 Ne6 {[%emt 0:02:14] C82: Open Ruy Lopez: 9 c3 without 9...Be7} 14. Qd3 g6 15. Bh6 {[%emt 0:00:10] Re} Re8 16. Qe3 a5 17. a4 ({Better is} 17. Bd3 $14 Qb8 18. Nfd4 Ncxd4 19. Nxd4) 17... Bxf3 18. Qxf3 bxa4 {[%emt 0:02:44] [#]} 19. Rxa4 $146 ({Predecessor:} 19. Nc1 Nc5 20. Nd3 Nxd3 21. Qxd3 Bg5 22. Bxa4 Nxe5 23. Qg3 Nf3+ 24. gxf3 Rxe1+ 25. Rxe1 Bxh6 {1-0 (47) Delchev,A (2601)-Narciso Dublan,M (2487) Navalmoral 2004}) 19... Qd7 20. Rg4 (20. Raa1 $11) 20... a4 $15 21. Nd4 Ncxd4 22. cxd4 Reb8 23. Bc1 Qc6 24. Qd3 Rb4 25. Bd2 Rxb2 26. Bc3 Bb4 27. Bxb2 Bxe1 28. h4 a3 29. Ba1 Ng7 30. Rf4 Bb4 31. Rf6 Qd7 32. Qf3 Nh5 33. Bf5 Qe8 34. Bd3 Nxf6 35. Qxf6 Qe6 36. Qf4 h5 0-1

[Event "Portugal Open 2020"]
[Site "Lisbon"]
[Date "2020.02.01"]
[Round "9.16"]
[White "Sousa, Andre Ventura"]
[Black "Risting, Eivind Olav"]
[Result "1-0"]
[ECO "B30"]
[WhiteElo "2391"]
[BlackElo "2306"]
[Annotator "NA"]
[PlyCount "89"]
[EventDate "2020.01.25"]
[EventType "swiss"]
[EventCountry "POR"]
[SourceTitle "playchess.com"]
[Source "ChessBase"]
[SourceQuality "1"]
[TimeControl "5400+30"]

1. e4 c5 2. Nf3 Nc6 3. Bb5 e6 4. O-O Nge7 5. d4 cxd4 6. Nxd4 Qb6 7. Nxc6 {[%emt 0:00:00] B30: Sicilian: 2...Nc6 3 Bb5, lines without ...g6} bxc6 8. Be2 Ng6 9. c4 d6 10. Nc3 Be7 11. Rb1 c5 12. f4 O-O {[%emt 0:01:05] [#]} 13. Bd3 $146 ({Predecessor:} 13. Be3 a5 14. Qb3 Qxb3 15. axb3 Bb7 16. Bd3 Rfd8 17. Rfd1 Nf8 18. Ra1 Nd7 19. Be2 {½-½ (23) Olsen,S (2465)-Emelyanov,M (2518) ICCF email 2014}) 13... Bd7 14. Qh5 f5 15. exf5 exf5 16. Nd5 Qd8 17. Bd2 Bf6 18. Nxf6+ Rxf6 19. Bc3 Rf7 20. Rbd1 $16 Qc7 21. Qg5 Nf8 22. Rfe1 Ne6 23. Qg3 Re8 24. Be2 Ree7 25. Bh5 Rf8 26. Bf3 Rfe8 27. Bd5 Kh8 28. Rd3 Bc8 29. Rde3 Nd4 30. Qg6 Nf3+ 31. Rxf3 Rxe1+ 32. Bxe1 Rxe1+ 33. Kf2 Qe7 34. Qg5 Re2+ 35. Kg3 g6 36. Qxe7 Rxe7 37. Rb3 Kg7 38. Rb8 Rc7 39. Kf3 Kf6 40. Ke3 h6 41. a3 g5 42. g3 g4 43. b4 Ke7 44. b5 Kd8 45. Be6 1-0

[Event "Portugal Open 2020"]
[Site "Lisbon"]
[Date "2020.02.01"]
[Round "9.20"]
[White "Pourquet, Matthieu"]
[Black "Martin Duque, Jesus"]
[Result "1-0"]
[ECO "A04"]
[WhiteElo "2198"]
[BlackElo "2447"]
[Annotator "NA"]
[PlyCount "101"]
[EventDate "2020.01.25"]
[EventType "swiss"]
[EventCountry "POR"]
[SourceTitle "playchess.com"]
[Source "ChessBase"]
[SourceQuality "1"]
[TimeControl "5400+30"]

1. Nf3 c5 2. g3 Nc6 3. Bg2 e5 4. O-O g6 5. d3 Bg7 6. c4 Nge7 7. Nc3 O-O 8. Ne1 d6 9. Nc2 Be6 10. Ne3 Qd7 11. Rb1 Bh3 12. Ned5 Bxg2 {[%emt 0:02:12] A37: Symmetrical English vs ...g6: 4 Bg2 Bg7 5 Nf3} 13. Kxg2 f5 {[%emt 0:01:02] [#]} 14. e3 $146 ({Predecessor:} 14. b4 Nxd5 15. Nxd5 f4 16. f3 Rae8 17. bxc5 dxc5 18. Nc3 h5 19. Ne4 b6 20. Rg1 {½-½ (55) Laznicka,V (2667)-Cheparinov,I (2670) Batumi 2019}) 14... Nxd5 15. Nxd5 e4 16. b3 Rae8 17. Bb2 Bxb2 18. Rxb2 Ne5 19. dxe4 fxe4 20. Nc3 $11 Nf3 21. Qd5+ Kh8 22. Rd1 Qg7 23. Rc2 Qf6 24. Nxe4 Rxe4 25. Qxe4 Ng5 26. Qd5 Re8 27. h4 Ne4 28. Qxb7 Qf5 29. Rd5 Qf6 30. Rd3 Qf5 31. Qd5 Re5 32. Qa8+ Kg7 33. Rd5 Nxg3 34. Rxe5 dxe5 35. Kxg3 Qxc2 36. Qxa7+ Kf6 37. Qxc5 Qxa2 38. b4 Qb1 39. Qc6+ Ke7 40. b5 e4 41. Kf4 Qg1 42. Qxe4+ Kd7 43. Qd5+ Kc7 44. Qc5+ Kd7 45. Qc6+ Ke7 46. Qc7+ Ke8 47. Qe5+ Kd7 48. Qg7+ Ke6 49. Qg8+ Kf6 50. Qd8+ Ke6 51. Qd5+ 1-0

[Event "Portugal Open 2020"]
[Site "Lisbon"]
[Date "2020.02.01"]
[Round "9.22"]
[White "Tscharotschkin, Michael"]
[Black "Vasli, Aref"]
[Result "0-1"]
[ECO "A46"]
[WhiteElo "2156"]
[BlackElo "2391"]
[Annotator "NA"]
[PlyCount "68"]
[EventDate "2020.01.25"]
[EventType "swiss"]
[EventCountry "POR"]
[SourceTitle "playchess.com"]
[Source "ChessBase"]
[SourceQuality "1"]
[TimeControl "5400+30"]

1. d4 Nf6 2. Nf3 e6 3. Bf4 b6 4. e3 Be7 5. Nbd2 O-O 6. Bd3 {[%emt 0:00:19] A47: 1 d4 Nf6 2 Nf3 b6: Torre, London and Colle Systems} c5 7. c3 d6 8. Qe2 Bb7 9. e4 cxd4 10. cxd4 Nc6 11. a3 {[%emt 0:00:46] [#]} Re8 $146 ({Predecessor:} 11... e5 12. dxe5 dxe5 13. Bxe5 Nh5 14. Bc4 Bf6 15. Bxf6 Qxf6 16. O-O Qxb2 17. Qe3 Rae8 {½-½ (41) Haribalu,V (2208)-Gilevich,A (2409) London 2018}) 12. O-O a6 13. Rac1 Bf8 14. e5 dxe5 15. dxe5 Nd4 16. Nxd4 Qxd4 17. Rc4 Qd5 {[%emt 0:00:06] [#]} 18. Nf3 $1 b5 19. Rd4 Qc5 20. Rd1 g6 $14 21. Bxg6 hxg6 22. exf6 Qh5 23. Qe5 Bxf3 24. gxf3 Qxf3 25. R1d3 Qg4+ 26. Rg3 Qf5 27. Rd7 Qb1+ 28. Kg2 Rac8 29. b4 Red8 30. Rc3 Qa2 31. h4 Ra8 32. Rcd3 Rxd7 33. Rxd7 Qc2 34. h5 Qc6+ 0-1

[Event "Portugal Open 2020"]
[Site "Lisbon"]
[Date "2020.02.01"]
[Round "9.24"]
[White "Sismeiro, Miguel"]
[Black "Bayramov, Zaur"]
[Result "0-1"]
[ECO "B08"]
[WhiteElo "2026"]
[BlackElo "2333"]
[Annotator "NA"]
[PlyCount "56"]
[EventDate "2020.01.25"]
[EventType "swiss"]
[EventCountry "POR"]
[SourceTitle "playchess.com"]
[Source "ChessBase"]
[SourceQuality "1"]
[TimeControl "5400+30"]

1. e4 g6 2. d4 Bg7 3. Nc3 d6 4. Nf3 Nf6 5. h3 O-O 6. Be3 c6 7. a4 Nbd7 8. Bc4 Nxe4 9. Bxf7+ Rxf7 10. Nxe4 Nf6 11. Nxf6+ exf6 12. O-O d5 13. c3 Be6 14. Ne1 Qd6 15. Nd3 Re8 16. Bf4 Qd8 17. Re1 Rfe7 18. Qd2 $11 g5 19. Bg3 Bf5 20. f3 Bf8 21. Rxe7 Rxe7 22. a5 Qe8 23. Kf2 Qg6 24. Nc5 Bh6 25. Re1 g4 26. Bf4 Bxf4 27. Qxf4 g3+ 28. Kf1 Bd3+ 0-1

[Event "Portugal Open 2020"]
[Site "Lisbon"]
[Date "2020.02.01"]
[Round "9.25"]
[White "Martins, Diogo Faria Oliveira"]
[Black "Esquivias Quintero, Luis Manuel"]
[Result "0-1"]
[ECO "B56"]
[WhiteElo "1998"]
[BlackElo "2318"]
[Annotator "ChessBase"]
[PlyCount "68"]
[EventDate "2020.01.25"]
[EventType "swiss"]
[EventCountry "POR"]
[SourceTitle "playchess.com"]
[Source "ChessBase"]
[SourceQuality "1"]
[TimeControl "5400+30"]

1. e4 c5 2. Nf3 d6 3. d4 cxd4 4. Nxd4 Nf6 5. Nc3 Nc6 6. Be3 Ng4 7. Bb5 Nxe3 8. fxe3 Bd7 9. O-O e6 10. Bxc6 bxc6 11. Qf3 Qf6 12. Qe2 Qe7 13. Qa6 Rc8 14. Qxa7 g6 15. Na4 Bh6 16. Rf3 c5 17. Nb6 cxd4 18. Nxc8 Bxc8 19. Qxe7+ Kxe7 20. exd4 Bb7 21. Re1 f5 22. Rh3 Bg7 23. e5 dxe5 24. dxe5 Be4 25. c4 Bxe5 26. b4 Rd8 27. Rxh7+ Kf6 28. Rxe4 fxe4 29. a4 e3 30. Kf1 Rd2 31. Rh3 Rf2+ 32. Kg1 Bd4 33. Rf3+ Rxf3 34. gxf3 e2+ 0-1